 Dungeon Crawl Stone Soup version 0.27.1-34-g3ba077fa99 (webtiles) character file.

Game seed: 955127301023981076

510 pkoi the Grappler (level 6, -1/51 HPs)
             Began as a Draconian Monk on Jan 4, 2022.
             Succumbed to a water moccasin's poison
             ... on level 5 of the Dungeon.
             The game lasted 00:03:55 (3214 turns).

pkoi the Grappler (Draconian Monk)                  Turns: 3214, Time: 00:03:56

Health: -1/51      AC:  6    Str: 20    XL:     6   Next: 98%
Magic:  6/6        EV: 12    Int: 12    God:
Gold:   181        SH:  0    Dex: 13    Spells: 5/5 levels left

rFire    . . .     SeeInvis .     - Unarmed
rCold    . . .     Faith    .   (no shield)
rNeg     . . .     Spirit   .   (armour unavailable)
rPois    .         Reflect  .   (helmet restricted)
rElec    .         Harm     .   (no cloak)
rCorr    .         Rampage  .   (no gloves)
Will     .....                  (no boots)
Stlth    ++........             j - amulet of the acrobat
HPRegen  0.17/turn              k - +6 ring of strength
MPRegen  0.10/turn              (no ring)

@: lethally poisoned (-1 -> -9), hasted, very quick
A: AC +6, unfitting armour, cold-blooded
a: no special abilities


You were on level 5 of the Dungeon.
You visited 1 branch of the dungeon, and saw 5 of its levels.

You collected 181 gold pieces.

Inventory:

Hand Weapons
 l - a +0 hand axe of flaming
Missiles
 e - a throwing net (quivered)
Jewellery
 j - an amulet of the acrobat (around neck)
 k - a +6 ring of strength (left hand)
Scrolls
 b - 6 scrolls of identify {unknown}
 c - 3 scrolls of noise {unknown}
 h - a scroll of enchant armour {unknown}
 n - a scroll of acquirement {unknown}
 o - a scroll of brand weapon {unknown}
 p - a scroll of magic mapping {unknown}
 q - a scroll of amnesia {unknown}
 r - a scroll of immolation {unknown}
 s - a scroll of enchant weapon {unknown}
 t - a scroll of vulnerability {unknown}
Potions
 d - a potion of flight {unknown}
 f - a potion of mutation {unknown}
 g - a potion of magic {unknown}
 i - a potion of might {unknown}
 m - a potion of brilliance {unknown}


   Skills:
 - Level 3.2 Fighting
 - Level 2.6 Dodging
 - Level 1.7 Stealth
 + Level 8.0 Unarmed Combat


You had 5 spell levels left.
You didn't know any spells.
Your spell library was empty.

Dungeon Overview and Level Annotations

Branches:
Dungeon (5/15)
 Temple: D:4-7

Altars:
Cheibriados
Kikubaaqudgha
Qazlal
Sif Muna


Innate Abilities, Weirdness & Mutations

Your plain brown scales are hard. (AC +6)
You cannot fit into any form of body armour.
You are cold-blooded and may be slowed by cold attacks.


Message History

Your tail-slap misses the water moccasin.
The water moccasin is lightly wounded.
You feel sick. The water moccasin closely misses you.
You punch the water moccasin!
Your tail-slap misses the water moccasin.
The water moccasin is moderately wounded.
You feel sick. The water moccasin misses you.
You miss the water moccasin.
The water moccasin is moderately wounded.
You feel sick.
The water moccasin bites you but does no damage.
The water moccasin bites you.
* * * LOW HITPOINT WARNING * * *
You punch the water moccasin!
Your tail-slap misses the water moccasin.
The water moccasin is severely wounded.
You feel sick. The water moccasin closely misses you.
You hit the water moccasin.
The water moccasin is almost dead.
The water moccasin bites you.
* * * LOW HITPOINT WARNING * * *
You barely miss the water moccasin.
The water moccasin is almost dead.
You feel sick. The water moccasin misses you.
You barely miss the water moccasin.
The water moccasin is almost dead.
You feel sick. The water moccasin bites you!
* * * LOW HITPOINT WARNING * * *
You are lethally poisoned!
The water moccasin poisons you!
You punch the water moccasin!
You kill the water moccasin!
* * * LOW HITPOINT WARNING * * *
You feel very sick.
Your Unarmed Combat skill increases to level 8!
* * * LOW HITPOINT WARNING * * *
You feel sick.
Unknown command.
It was a potion of haste.
You feel yourself speed up.
You die...

#############
#####...........######
#⌠....@..............##
#......................
#.....#########.†......
##..###... ####.....
#.......o( ###...
#...h...!⌠ #...
###......? #.(. ###S...
##.. #### #..


There were no monsters in sight!

Vanquished Creatures
  A water moccasin (D:5)
  An ogre (D:4)
  A centaur zombie (D:4)
  A hound (D:5)
  2 orc priests (D:4)
  An iguana (D:4)
  4 gnolls
  6 adders
  A white imp (D:5)
  A worm (D:4)
  3 orcs (D:4)
  7 endoplasms
  5 giant cockroaches
  5 goblins
  9 hobgoblins
  6 kobolds
  4 quokkas
  7 ball pythons
  6 bats
  2 frilled lizards
  6 rats
79 creatures vanquished.

Notes
Turn   | Place    | Note
-------+----------+-------------------------------------------
     0 | D:1      | pkoi the Draconian Monk began the quest for the Orb.
     0 | D:1      | Reached XP level 1. HP: 19/19 MP: 1/1
    89 | D:1      | Found a faded altar of an unknown god.
   244 | D:1      | Reached XP level 2. HP: 24/26 MP: 2/2
   555 | D:1      | Reached skill level 4 in Unarmed Combat
   695 | D:2      | Reached XP level 3. HP: 31/31 MP: 3/3
   890 | D:2      | Found an ancient bone altar of Kikubaaqudgha.
  1684 | D:3      | Reached XP level 4. HP: 38/38 MP: 4/4
  1694 | D:3      | Reached skill level 5 in Unarmed Combat
  1935 | D:3      | Found a shimmering blue altar of Sif Muna.
  2068 | D:4      | Noticed an ogre
  2075 | D:4      | Killed an ogre
  2076 | D:4      | Reached skill level 6 in Unarmed Combat
  2076 | D:4      | Reached XP level 5. HP: 33/45 MP: 5/5
  2430 | D:4      | Found a snail-covered altar of Cheibriados.
  2453 | D:4      | Reached XP level 6. HP: 17/51 MP: 6/6
  2734 | D:4      | Reached skill level 7 in Unarmed Combat
  2747 | D:4      | Found a stormy altar of Qazlal.
  3067 | D:5      | Entered Level 5 of the Dungeon
  3087 | D:5      | Noticed a sky beast
  3146 | D:5      | Noticed a water moccasin
  3212 | D:5      | Killed a water moccasin
  3213 | D:5      | Reached skill level 8 in Unarmed Combat
  3213 | D:5      | HP: 1/51 [poisoned by a water moccasin]
  3214 | D:5      | Succumbed to a water moccasin's poison

Illustrated notes

Levels and vault maps discovered:
D:1:      amcnicky_arrival_underground_garden, layout_rooms,
          hellmonk_ecumenical_altar_lost_god
D:2:      layout_loops_ring, basic_altar
D:3:      layout_rooms, lemuel_doored_altar
D:4:      layout_rooms, mainiacjoe_overflow_alcove_1, old_standard_altar
D:5:      kennysheep_spiral_hall, layout_loops_cross, mainiacjoe_overflow_paths,
          mainiacjoe_overflow_catwalk

Skill      XL: |  1  2  3  4  5  6 |
---------------+-------------------+-----
Unarmed Combat | 4 6 8 |  8.0
Fighting       | |  3.2
Dodging        | |  2.6
Stealth        | |  1.7

Action                   |  1- 3 |  4- 6 || total
-------------------------+-------+-------++-------
Melee: Unarmed           |   134 |   131 ||   265
       Tailslap          |    17 |    18 ||    35
       Punch             |     1 |     5 ||     6
  Use: Potion            |       |     1 ||     1
 Stab: Sleeping          |     4 |     3 ||     7
       Distracted        |     1 |     1 ||     2
Armor: Skin              |    55 |    31 ||    86
Dodge: Dodged            |    88 |    86 ||   174
